 Dungeon Crawl Stone Soup version 0.23.0 (webtiles) character file.

Game seed: 11649228421493029341

987 Kurtz the Cudgeler (level 7, -1/52 HPs)
             Began as a Mummy Chaos Knight on Feb 17, 2019.
             Was a Plaything of Xom.
             Slain by a manticore (12 damage)
             ... summoned by a worldbinder
             ... summoned by the severe capriciousness of Xom
             ... on level 5 of the Dungeon.
             The game lasted 00:05:15 (4509 turns).

Kurtz the Cudgeler (Mummy Chaos Knight)             Turns: 4509, Time: 00:05:16

Health: -1/52      AC: 10    Str: 16    XL:     7   Next: 97%
Magic:  7/7        EV:  7    Int: 11    God:    Xom [......]
Gold:   219        SH:  0    Dex: 13    Spells: 6/6 levels left

rFire    x . .     SeeInvis .   a - +0 mace (chaos)
rCold    + . .     Gourm    .   (no shield)
rNeg     + + +     Faith    .   k - +0 chain mail
rPois    ∞         Spirit   .   s - +0 helmet
rElec    .         Reflect  .   (no cloak)
rCorr    +         Harm     .   o - +0 pair of gloves
MR       .....     Rnd*Tele +   (no boots)
Stlth    ..........             r - amulet of regeneration
HPRegen  0.57/turn              d - ring of teleportation
MPRegen  0.10/turn              n - ring of resist corrosion

@: mesmerised
A: no food or potions, fire vulnerability, cold resistance 1, negative energy
resistance 3, torment resistance, unbreathing
a: Renounce Religion


You were on level 5 of the Dungeon.
You worshipped Xom.
You were a very special plaything of Xom.
You were not hungry.

You visited 1 branch of the dungeon, and saw 5 of its levels.

You collected 219 gold pieces.

Inventory:

Hand Weapons
 a - a +0 mace of chaos (weapon)
 q - a +2 whip of freezing
Missiles
 e - 7 javelins (quivered)
 m - 2 throwing nets
Armour
 b - a +2 leather armour
 k - a +0 chain mail (worn)
 o - a +0 pair of gloves (worn)
 s - a +0 helmet (worn)
Jewellery
 d - a ring of teleportation (left hand)
 n - a ring of resist corrosion (right hand)
 r - an amulet of regeneration (around neck)
Scrolls
 c - a scroll of enchant weapon {unknown}
 f - a scroll of remove curse
 g - a scroll of blinking {unknown}
 h - a scroll of identify
 i - a scroll of amnesia {unknown}
 j - a scroll of noise {unknown}
 l - 5 scrolls of fear
 p - a scroll of immolation {unknown}
 t - 2 scrolls of magic mapping {unknown}
 u - a scroll of enchant armour {unknown}


   Skills:
 - Level 3.0 Fighting
 * Level 7.4 Maces & Flails
 - Level 1.5 Armour
 * Level 1.0 Dodging
 - Level 3.1 Stealth


You had 6 spell levels left.
You didn't know any spells.
Your spell library was empty.

Dungeon Overview and Level Annotations

Branches:
Dungeon (5/15)
 Temple: D:4-7

Altars:
Makhleb
Uskayaw
Xom


Innate Abilities, Weirdness & Mutations

You do not eat or drink.
Your flesh is vulnerable to fire.
You are immune to poison.
Your flesh is cold resistant. (rC+)
You are immune to negative energy. (rN+++)
You are immune to unholy pain and torment.
You can survive without breathing.


Message History

Unknown command.
You cannot move away from the merfolk siren!
Unknown command.
You cannot move away from the merfolk siren!
Unknown command.
You cannot move away from the merfolk siren!
Unknown command.
Okay, then.
As you read the scroll labeled XAOWKO JIRIA, it crumbles to dust.
It is a scroll of identify.
l - 5 scrolls of fear The worldbinder hits you but does no damage.
The worldbinder hits you.
The merfolk siren chants its luring song.
The orc priest invokes the aid of Beogh against you.
Beogh smites you!
* * * LOW HITPOINT WARNING * * *
The manticore bites you!
You die...
Xom is highly amused!

...................########
#...!..............######...
#.............#.##.###....).
#....................).....#
#...........##..#...#.....)(
#.............##.##.#......(
.......mJ.....#.♣.#.#.......
..........H##.##.##........#
.......$Txx@....#...%#(....#
...)...o.o#####.....#.......
........).# ##..............
...%......###........>......
......./(.##...............
############...............
#...............
#.!............
#..............


You could see a slime creature shaped shifter, a manticore, a merfolk siren, 2
worldbinders, a troll and 2 orc priests.

Vanquished Creatures
  Pikel (D:4)
  A phantom (D:4)
  Blork the orc (D:4)
  A bullfrog (D:4)
  A bullfrog zombie (D:5)
  An orc wizard (D:3)
  An iguana (D:5)
  4 worker ants (D:4)
  Robin (D:4)
  3 gnolls (D:3)
  6 adders
  2 oozes
  5 worms
  A dart slug (D:1)
  6 leopard geckos
  7 orcs
  8 bats
  4 giant cockroaches
  11 goblins
  9 hobgoblins
  7 jackals
  5 frilled lizards
  4 kobolds
  A leopard gecko skeleton (D:4)
  3 rats (D:2)
94 creatures vanquished.

Vanquished Creatures (collateral kills)
  Grinder (D:4)
  A worm (D:2)
  A frilled lizard (D:2)
3 creatures vanquished.

Vanquished Creatures (others)
  A slave (D:4)
  A centaur skeleton (D:4)
2 creatures vanquished.

Grand Total: 99 creatures vanquished

Notes
Turn   | Place    | Note
-------+----------+-------------------------------------------
     0 | D:1      | Kurtz the Mummy Chaos Knight began the quest for the Orb.
     0 | D:1      | Reached XP level 1. HP: 18/18 MP: 1/1
   112 | D:1      | Reached XP level 2. HP: 21/24 MP: 2/2
   232 | D:1      | Reached skill level 3 in Maces & Flails
   331 | D:1      | XOM: harmless Hex miscast
   480 | D:1      | XOM: silly message
   586 | D:1      | XOM: harmless Fire miscast
   660 | D:2      | XOM: scenery: create altars
   697 | D:2      | Reached XP level 3. HP: 19/29 MP: 3/3
   916 | D:2      | Reached skill level 1 in Stealth
  1203 | D:2      | XOM: 2-stop teleportation journey
  1204 | D:2      | XOM: summons friendly iron imp
  1208 | D:2      | Reached XP level 4. HP: 32/35 MP: 4/4
  1545 | D:2      | Found a burning altar of Makhleb.
  1759 | D:3      | Reached skill level 4 in Maces & Flails
  1778 | D:3      | XOM: harmless Conj miscast
  1877 | D:3      | XOM: confuse monster(s)
  1903 | D:3      | Reached XP level 5. HP: 15/41 MP: 5/5
  2067 | D:3      | XOM: god gift: 46 gold pieces
  2184 | D:3      | Noticed a +0 dagger
  2184 | D:3      | Noticed a +4 dagger
  2186 | D:3      | Found a hide-covered altar of Uskayaw.
  2709 | D:4      | Noticed Robin
  2709 | D:4      | XOM: cleaving
  2716 | D:3      | XOM: noise
  2969 | D:4      | XOM: mild Hex miscast
  3026 | D:4      | Noticed Blork the orc
  3026 | D:4      | Noticed Pikel
  3026 | D:4      | Noticed a slave
  3026 | D:4      | Noticed a slave
  3026 | D:4      | Noticed a slave
  3026 | D:4      | Noticed a slave
  3039 | D:4      | XOM: cast spell 'Death Channel'
  3042 | D:4      | XOM: medium Hex miscast
  3043 | D:4      | Killed Pikel
  3043 | D:4      | Reached skill level 6 in Maces & Flails
  3043 | D:4      | Reached XP level 6. HP: 28/47 MP: 6/6
  3043 | D:4      | Reached XP level 7. HP: 31/52 MP: 7/7
  3052 | D:4      | Killed Blork the orc
  3291 | D:4      | Noticed Grinder
  3301 | D:4      | XOM: cast spell 'Monstrous Menagerie'
  3305 | D:4      | Paralysed by Grinder for 7 turns
  3306 | D:4      | Killed Grinder
  3466 | D:4      | XOM: medium Conj miscast
  3879 | D:4      | Killed Robin
  3931 | D:4      | XOM: mild Summ miscast
  3934 | D:4      | XOM: confusion
  3937 | D:4      | XOM: mild Summ miscast
  3980 | D:4      | XOM: fog
  3999 | D:4      | Reached skill level 7 in Maces & Flails
  4192 | D:5      | Entered Level 5 of the Dungeon
  4194 | D:5      | XOM: medium Air miscast
  4415 | D:5      | Reached skill level 1 in Dodging
  4504 | D:5      | XOM: severe Summ miscast
  4505 | D:5      | Noticed a worldbinder
  4505 | D:5      | Noticed a worldbinder
  4506 | D:5      | Noticed a manticore
  4506 | D:5      | Noticed a merfolk siren
  4506 | D:5      | Noticed a glowing shapeshifter
  4506 | D:5      | a manticore changed into a glowing shapeshifter
  4506 | D:5      | XOM: polymorph manticore -> glowing shapeshifter
  4506 | D:5      | Noticed a slime creature
  4506 | D:5      | a glowing shapeshifter changed into a slime creature
  4507 | D:5      | Noticed a troll
  4508 | D:5      | Noticed a manticore
  4509 | D:5      | Slain by a manticore

Skill      XL: |  1  2  3  4  5  6  7 |
---------------+----------------------+-----
Maces & Flails | 3 4 6 7 |  7.4
Stealth        | 1 2 3 |  3.1
Dodging        | 1 |  1.0
Fighting       | |  3.0
Armour         | |  1.5

Action                   |  1- 3 |  4- 6 |  7- 9 || total
-------------------------+-------+-------+-------++-------
Melee: Mace              |   112 |   177 |   120 ||   409
       Whip              |       |       |    28 ||    28
  Use: Scroll            |       |     2 |     1 ||     3
 Stab: Sleeping          |     2 |       |       ||     2
       Petrified         |     2 |     4 |       ||     6
       Confused          |       |     1 |     1 ||     2
Armor: Leather armour    |    37 |       |       ||    37
       Chain mail        |    31 |   175 |    99 ||   305
Dodge: Dodged            |    73 |    69 |    36 ||   178
